 Dungeon Crawl Stone Soup version 0.29.1-15-g9cfb28693d (webtiles) character file.

Game seed: 3071079444442328716

1544 rakiston the Cleaver (level 8, -4/74 HPs)
             Began as a Minotaur Berserker on Feb 24, 2023.
             Was a Priest of Trog.
             Slain by a wight
             ... wielding a +5 dire flail
              (13 damage)
             ... on level 6 of the Dungeon on Feb 25, 2023.
             The game lasted 00:26:40 (5847 turns).

rakiston the Cleaver (Minotaur Berserker)           Turns: 5847, Time: 00:26:40

Health: -4/74      AC: 13    Str: 27    XL:     8   Next: 56%
Magic:  7/7        EV:  7    Int:  4    God:    Trog [***...]
Gold:   243        SH:  5    Dex: 10    Spells: 7/7 levels left

rFire   . . .      SeeInvis .   q - +0 war axe
rCold   . . .      Faith    .   (no shield)
rNeg    . . .      Spirit   .   I - +0 plate armour
rPois   .          Reflect  +   (helmet restricted)
rElec   .          Harm     .   (no cloak)
rCorr   .          Rampage  .   H - +0 pair of gloves {Str+3}
Will    .....                   J - +0 pair of boots
Stlth   ..........              k - amulet of reflection
HPRegen 0.22/turn               (no ring)
MPRegen 0.10/turn               (no ring)

@: on berserk cooldown, slowed, very slow
A: horns 2, retaliatory headbutt
a: Renounce Religion, Berserk, Trog's Hand


You were on level 6 of the Dungeon.
You worshipped Trog.
Trog was most pleased with you.
You visited 1 branch of the dungeon, and saw 6 of its levels.

You collected 243 gold pieces.

Inventory:

Hand Weapons
 a - a +0 hand axe
 q - a +0 war axe (weapon)
 y - a +1 hand axe of draining
Missiles
 i - 9 poisoned darts (quivered)
 F - a boomerang of dispersal
Armour
 s - a +0 chain mail
 H - a +0 pair of gloves of strength (worn)
 I - a +0 plate armour (worn)
 J - a +0 pair of boots (worn)
Jewellery
 j - a ring of protection from cold
 k - an amulet of reflection (around neck)
 A - a +6 ring of intelligence
 G - an amulet of magic regeneration
Wands
 l - a wand of roots (5)
 n - a wand of digging (5)
 o - a wand of flame (13)
Scrolls
 b - a scroll of teleportation
 c - 2 scrolls of noise
 e - a scroll of enchant armour {unknown}
 h - a scroll of fear
 r - 2 scrolls of blinking {unknown}
 t - a scroll of brand weapon {unknown}
 x - a scroll of amnesia {unknown}
 B - a scroll of poison {unknown}
 C - a scroll of torment
 K - a scroll of fog {unknown}
Potions
 d - a potion of haste
 f - 2 potions of flight
 g - 2 potions of magic
 m - 2 potions of degeneration
 p - a potion of resistance
 u - a potion of heal wounds {unknown}
 v - 2 potions of invisibility {unknown}
 w - a potion of might {unknown}
 z - 2 potions of ambrosia {unknown}
 D - a potion of curing {unknown}
 E - a potion of attraction {unknown}


   Skills:
 + Level 8.0 Fighting
 + Level 11.1 Axes
 - Level 2.4 Armour
 - Level 2.1 Dodging
 - Level 0.7 Stealth
 + Level 0.7 Shields


You had 7 spell levels left.
You didn't know any spells.
Your spell library was empty.

Dungeon Overview and Level Annotations

Branches:
Dungeon (6/15)             Temple (0/1) D:5

Altars:
Qazlal
Ru
Uskayaw

Annotations:
D:2 1 runed translucent door, Crazy Yiuf
D:3 Grinder


Innate Abilities, Weirdness & Mutations

You have a pair of horns on your head.
You reflexively headbutt those who attack you in melee.


Message History

You destroy the wight!
Trog accepts your kill.
You barely miss the wight. The wight hits you with a +3 dagger.
You feel drained.
Your life force feels restored.
You hit the wight.
The wight is severely damaged.
You slash the wight!
You destroy the wight!
Trog accepts your kill.
Your Fighting skill increases to level 8!
Your Axes skill increases to level 11!
You hit the wight but do no damage. The wight hits you but does no damage.
You slash the wight! Your headbutt misses the wight.
The wight is almost destroyed.
You slash the wight!
You destroy the wight!
Trog accepts your kill.
Menkaure calls on the powers of darkness!
Your body is wracked with pain!
* * * LOW HITPOINT WARNING * * *
Menkaure hits you.
* * * LOW HITPOINT WARNING * * *
Items here: ))) [[[.
You barely miss Menkaure. Menkaure barely misses you.
You barely miss Menkaure. You headbutt Menkaure.
Menkaure is moderately damaged.
You are no longer berserk.
You are exhausted.
You feel yourself slow down. Menkaure hits you!
* * * LOW HITPOINT WARNING * * *
You slash Menkaure!
Menkaure is severely damaged.
You block Menkaure's attack. Menkaure closely misses you.
You slash Menkaure!
You destroy Menkaure!
Trog accepts your kill.
Trog appreciates your killing of a magic user.
The wight hits you with a +5 dire flail!
You die...

### #.. #.# #.# #z#
###### #@# #....#
##+####'###########....#
#.......)..##.....#....#
#...<......##.....'.....
#..........##.....######
#..........''>....'.###
#..........##.....#...##
#..........##.....###...
#..........######## #...


You could see a wight.

Vanquished Creatures
  Prince Ribbit (D:6)
  Eustachio (D:4)
  Menkaure (D:6)
  An orc warrior (D:6)
  A black bear (D:5)
  An ogre (D:4)
  2 phantoms
  A bullfrog (D:6)
  A scorpion (D:4)
  4 wights (D:6)
  2 orc priests (D:5)
  4 hounds
  2 jellies (D:6)
  Jessica (D:3)
  An iguana (D:4)
  4 gnolls (D:5)
  4 adders
  2 white imps (D:5)
  An ufetubus (D:5)
  2 worms
  A dart slug (D:1)
  10 orcs
  5 ball pythons
  6 endoplasms
  6 giant cockroaches
  14 goblins
  9 hobgoblins
  12 kobolds
  3 quokkas
  10 bats
  7 frilled lizards
  10 rats
130 creatures vanquished.

Notes
Turn   | Place    | Note
-------+----------+-------------------------------------------
     0 | D:1      | rakiston the Minotaur Berserker began the quest for the
                  | Orb.
     0 | D:1      | Reached XP level 1. HP: 19/19 MP: 0/0
    16 | D:1      | Found a faded altar of an unknown god.
   135 | D:1      | Reached skill level 4 in Axes
   158 | D:1      | Reached XP level 2. HP: 22/27 MP: 1/1
   424 | D:1      | Reached ** piety under Trog
   569 | D:1      | Reached XP level 3. HP: 33/33 MP: 2/2
  1238 | D:2      | Found a runed translucent door.
  1239 | D:2      | Noticed Crazy Yiuf
  1331 | D:2      | Reached skill level 5 in Axes
  1493 | D:2      | Reached XP level 4. HP: 41/41 MP: 3/3
  2090 | D:3      | Noticed Jessica
  2110 | D:3      | Killed Jessica
  2158 | D:3      | Noticed Grinder
  2226 | D:4      | Found a stormy altar of Qazlal.
  2265 | D:4      | Reached skill level 5 in Fighting
  2265 | D:4      | Reached XP level 5. HP: 48/48 MP: 4/4
  2333 | D:4      | Reached skill level 6 in Axes
  2432 | D:4      | Noticed Eustachio
  2470 | D:4      | Killed Eustachio
  2471 | D:4      | Reached XP level 6. HP: 22/56 MP: 5/5
  2675 | D:4      | Reached skill level 7 in Axes
  2974 | D:4      | Identified the +2 whip of Crafting Certain Death {vamp,
                  | Drain *Slow Fly rCorr}
  3607 | D:3      | Reached *** piety under Trog
  3636 | D:3      | Reached XP level 7. HP: 62/63 MP: 6/6
  3863 | D:3      | Reached skill level 8 in Axes
  3895 | D:3      | Found a hide-covered altar of Uskayaw.
  4042 | D:5      | Entered Level 5 of the Dungeon
  4185 | D:5      | Found a staircase to the Ecumenical Temple.
  4296 | D:5      | Reached skill level 9 in Axes
  4748 | D:5      | Found a sacrificial altar of Ru.
  4863 | D:5      | Identified 2 scrolls of acquirement
  4863 | D:5      | Acquired a +0 pair of gloves of strength
  4870 | D:5      | Acquired an amulet of reflection
  5222 | D:6      | Reached XP level 8. HP: 30/73 MP: 7/7
  5629 | D:6      | Reached skill level 10 in Axes
  5704 | D:6      | Noticed Prince Ribbit
  5715 | D:6      | Killed Prince Ribbit
  5829 | D:6      | Noticed Menkaure
  5840 | D:6      | Reached skill level 11 in Axes
  5847 | D:6      | Killed Menkaure
  5847 | D:6      | Slain by a wight

Illustrated notes

Levels and vault maps discovered:
D:1:      ncdulo_wetmaze, layout_basic, ebering_ecumenical_altar_rust,
          nicolae_concentric_dashed_squares_wild, nrook_uturn
D:2:      layout_rooms, serial_corexii_hall, corexii_hall_statues_u,
          corexii_hall_statues_t, st_stairs_4, patterned_corridor,
          uniq_crazy_yiuf_cottage
D:3:      layout_basic, nicolae_uskayaw_murder_on_the_dancefloor, uniq_jessica,
          uniq_grinder
D:4:      layout_basic, lemuel_doored_altar, uniq_eustachio
D:5:      layout_loops_ring, kennysheep_little_box, minmay_temple_entry_trees
D:6:      layout_basic, minmay_misc_feat_plants, uniq_prince_ribbit1,
          uniq_menkaure

Skill      XL: |  1  2  3  4  5  6  7  8 |
---------------+-------------------------+-----
Axes           | 4 5 6 7 9 11 | 11.1
Fighting       | 4 5 6 7 8 |  8.0
Armour         | |  2.4
Dodging        | |  2.1
Stealth        | |  0.7
Shields        | |  0.7

Action                   |  1- 3 |  4- 6 |  7- 9 || total
-------------------------+-------+-------+-------++-------
Melee: Hand axe          |   102 |    69 |       ||   171
       Headbutt          |    15 |    19 |    11 ||    45
       Punch             |     1 |     2 |     2 ||     5
       War axe           |       |    42 |    81 ||   123
Throw: Dart              |       |     6 |       ||     6
Invok: Berserk           |       |     4 |     7 ||    11
       Trog's Hand       |       |     3 |       ||     3
  Use: Scroll            |       |     1 |    10 ||    11
 Stab: Distracted        |     1 |       |       ||     1
       Sleeping          |     1 |       |       ||     1
Armor: Animal skin       |    17 |       |       ||    17
       Scale mail        |    12 |    32 |       ||    44
       Chain mail        |       |    15 |    19 ||    34
       Plate armour      |       |       |    14 ||    14
Dodge: Dodged            |    49 |    50 |    29 ||   128
Block: Other             |       |       |     6 ||     6
